 Dungeon Crawl Stone Soup version 0.32-a0-132-g2d33c3c (webtiles) character file.

Game seed: 13946280126227501120

5703 Dorkslayer the Grappler (level 10, -4/68 HPs)
             Began as an Octopode Fighter on Feb 9, 2024.
             Was a Believer of Dithmenos.
             Slain by a wyvern (14 damage)
             ... on level 8 of the Dungeon.
             The game lasted 00:17:44 (6644 turns).

Dorkslayer the Grappler (Octopode Fighter)          Turns: 6644, Time: 00:17:44

Health: -4/68      AC:  1    Str: 19    XL:     10   Next: 76%
Magic:  10/10      EV: 15    Int: 11    God:    Dithmenos [**....]
Gold:   492        SH: 16    Dex: 18    Spells: 9/9 levels left

rFire   . .          .
                       - Unarmed
rCold   + . .        q - +5 Storm Queen's Shield {shock, Fly rElec}
rNeg    . . .        (helmet restricted)
rPois   +            (no amulet)
rElec   +            j - ring of poison resistance
rCorr   .            o - +6 ring of dexterity
SInv    .            k - ring of protection from cold
Will    ++...        (no ring)
Stlth   ++++++       (no ring)
HPRegen 0.31/turn    (no ring)
MPRegen 0.12/turn    (no ring)
                     (no ring)

%: no passive effects
@: flying, hasted, wreathed by umbra, very quick
A: almost no armour, amphibious, 8 rings, camouflage 1, gelatinous body 1,
(nimble swimmer 1), tentacles, strong-willed 2
a: Renounce Religion, Shadow Step


You were on level 8 of the Dungeon.
You worshipped Dithmenos.
Dithmenos was pleased with you.
You visited 1 branch of the dungeon, and saw 8 of its levels.

You collected 492 gold pieces.

Inventory:

Hand Weapons
 n - a +0 trident
 u - a +3 hand axe
Missiles
 l - a throwing net
 p - a boomerang (quivered)
Armour
 a - a +1 buckler
 q - the +5 Storm Queen's Shield (worn) {shock, Fly rElec}
   (You found it on level 7 of the Dungeon)

   Shock:     When it blocks an attack, it may electrocute the attacker.
   This works even against foes who are a short distance away.
   rElec:     It insulates you from electricity.
   Fly:       It grants you flight.
Jewellery
 j - a ring of poison resistance (left tentacle)
 k - a ring of protection from cold (on tentacle)
 o - a +6 ring of dexterity (right tentacle)
Talismans
 v - a serpent talisman
Wands
 r - a wand of paralysis (8)
Scrolls
 b - a scroll of fog
 h - 5 scrolls of teleportation
 m - 5 scrolls of amnesia
Potions
 c - a potion of invisibility {unknown}
 e - a potion of ambrosia
 g - 3 potions of brilliance
 i - 8 potions of curing
 s - a potion of degeneration {unknown}
 t - a potion of cancellation {unknown}


   Skills:
 * Level 6.2 Fighting
 + Level 2.2 Polearms
 + Level 2.8 Throwing
 + Level 5.4 Dodging
 + Level 5.8 Stealth
 + Level 6.3 Shields
 + Level 11.4 Unarmed Combat
 * Level 1.4 Evocations
 * Level 0.7 Shapeshifting


You had 9 spell levels left.
You didn't know any spells.
Your spell library contained the following spells:

 Spells                   Type           Power      Damage    Failure   Level
 Apportation              Tloc           0%         N/A       63%         1
 Magic Dart               Conj           0%         1d3       63%         1
 Necrotise                Necr           0%         1d4       63%         1
 Shock                    Conj/Air       0%         1d3       63%         1
 Sting                    Conj/Alch      0%         1d3       63%         1
 Summon Small Mammal      Summ           0%         N/A       63%         1
 Ensorcelled Hibernation  Hex/Ice        0%         N/A       77%         2
 Searing Ray              Conj           0%         2d4       77%         2
 Sublimation of Blood     Necr           0%         N/A       77%         2
 Call Canine Familiar     Summ           0%         N/A       94%         3
 Passwall                 Erth           0%         N/A       94%         3
 Swiftness                Air            0%         N/A       94%         3
 Airstrike                Air            0%         2d(0-16)  100%        4
 Fulminant Prism          Conj/Alch      0%         3d5       100%        4
 Petrify                  Alch/Erth      0%         N/A       100%        4
 Summon Blazeheart Golem  Fire/Summ      0%         N/A       100%        4
 Irradiate                Conj/Alch      0%         3d11      100%        5
 Sculpt Simulacrum        Ice/Alch       0%         N/A       100%        6
 Malign Gateway           Summ/Tloc      0%         N/A       100%        7
 Ozocubu's Refrigeration  Ice            0%         4d7       100%        7
 Summon Horrible Things   Summ           0%         N/A       100%        8
 Polar Vortex             Ice            0%         N/A       100%        9


Dungeon Overview and Level Annotations

Branches:
Dungeon (8/15)             Temple (0/1) D:5
   Lair: D:8-11

Altars:
Ashenzari
Dithmenos
Fedhas
Kikubaaqudgha
Okawaru
Yredelemnul

Shops:
D:8 :


Innate Abilities, Weirdness & Mutations

You cannot wear most types of armour.
You are amphibious.
You can wear up to eight rings at the same time.
Your skin changes colour to match your surroundings (Stealth+).
Your rubbery body absorbs attacks. (AC +1, EV +1)
((You are camouflaged when in or above water. (Stealth+)))
You have tentacles for arms and can constrict up to eight enemies at once.
You are highly strong-willed. (Will++)


Message History

Your shield discharges, shocking the wyvern!
You bludgeon the wyvern!
You kill the wyvern!
Dithmenos accepts your kill.
You see here a wyvern corpse.
You see here a wyvern corpse.
An acid dragon comes into view.
A wyvern comes into view.
Found a book of the Hunter.
The helpless acid dragon fails to defend itself.
You tentacle-slap the acid dragon.
You squeeze the acid dragon, but do no damage.
The acid dragon is lightly wounded.
The acid dragon misses you. You block the acid dragon's attack.
You tentacle-slap the acid dragon.
Your tentacle-slap misses the acid dragon.
You squeeze the acid dragon, but do no damage.
The acid dragon is lightly wounded.
The acid dragon spits acid at you. The splash of acid hits you!!
The wyvern hisses angrily.
You tentacle-slap the acid dragon but do no damage.
The acid dragon is lightly wounded.
The acid dragon closely misses you. The acid dragon misses you.
You bludgeon the acid dragon! You squeeze the acid dragon.
The acid dragon is severely wounded.
The acid dragon bites you! The acid dragon closely misses you.
You closely miss the acid dragon.
Your tentacle-slap misses the acid dragon.
The acid dragon is severely wounded.
You block the acid dragon's attack. x2
Your shield discharges, shocking the acid dragon!
You tentacle-slap the acid dragon. Your squeeze misses the acid dragon.
The acid dragon is almost dead.
The acid dragon spits acid at you. The splash of acid hits you!!
* * * LOW HITPOINT WARNING * * *
You feel yourself speed up. You block the wyvern's attack.
The wyvern bites you!
You die...

#.. #.. ### ### # ##.###
#.###....## ###
..#........## #..
......#.....##.#
#.....D@......###### ##
..###.k............####.
#....##.##....†...###
##..#####.#†###......
#:# #.##..#.###### ## ##
######


You could see a wyvern and an acid dragon (catching breath).

Vanquished Creatures
  Maurice (D:7)
  The ghost of Guenter the Shield-Bearer, a novice FoFi (D:5)
  Maggie (D:7)
  A troll (D:8)
  A hornet (D:8)
  5 yaks
  2 wyverns (D:8)
  A basilisk (D:8)
  4 steam dragons
  3 water moccasins
  An orc warrior (D:7)
  Duvessa (D:7)
  An ice beast (D:5)
  A sky beast (D:6)
  An ogre (D:7)
  A hornet zombie (D:6)
  2 centaurs
  A kobold brigand (D:8)
  3 phantoms
  3 bullfrogs
  A gnoll sergeant (D:8)
  2 scorpions
  2 water moccasin zombies (D:6)
  3 wights (D:8)
  Dowan (D:7)
  A howler monkey (D:6)
  A bombardier beetle (D:4)
  A bullfrog zombie (D:6)
  An orc priest (D:8)
  A jelly (D:6)
  Crazy Yiuf (D:2)
  A gnoll bouda (D:7)
  4 sleepcaps
  3 iguanas
  A killer bee zombie (D:6)
  A howler monkey zombie (D:6)
  8 adders
  8 gnolls
  4 ufetubi
  A dart slug (D:3)
  17 orcs
  An endoplasm (D:1)
  3 giant cockroaches (D:3)
  8 goblins
  4 hobgoblins
  A jackal (D:3)
  2 quokkas
  8 ball pythons
  A bat (D:1)
  A frilled lizard (D:1)
  13 kobolds
  5 rats
145 creatures vanquished.

Notes
Turn   | Place    | Note
-------+----------+-------------------------------------------
     0 | D:1      | Dorkslayer the Octopode Fighter began the quest for the
                  | Orb.
     0 | D:1      | Reached XP level 1. HP: 16/16 MP: 1/1
   317 | D:1      | Reached XP level 2. HP: 12/21 MP: 2/2
  1154 | D:2      | Found a faded altar of an unknown god.
  1287 | D:2      | Found a runed translucent door.
  1288 | D:2      | Noticed Crazy Yiuf
  1293 | D:2      | Killed Crazy Yiuf
  1294 | D:2      | Reached skill level 1 in Stealth
  1294 | D:2      | Reached XP level 3. HP: 26/26 MP: 3/3
  1499 | D:3      | Reached XP level 4. HP: 31/31 MP: 4/4
  1641 | D:3      | Reached skill level 3 in Unarmed Combat
  1908 | D:3      | Found a blossoming altar of Fedhas.
  2210 | D:4      | Reached XP level 5. HP: 36/36 MP: 5/5
  2389 | D:4      | Found a shadowy altar of Dithmenos.
  2395 | D:4      | Became a worshipper of Dithmenos the Shadowed
  2497 | D:4      | Reached skill level 4 in Unarmed Combat
  2986 | D:5      | Entered Level 5 of the Dungeon
  3027 | D:5      | Noticed an ice beast
  3043 | D:5      | Killed an ice beast
  3044 | D:5      | Reached skill level 1 in Polearms
  3044 | D:5      | Reached XP level 6. HP: 42/42 MP: 6/6
  3079 | D:5      | Found a runed translucent door.
  3081 | D:5      | Noticed Guenter's ghost (novice FoFi)
  3101 | D:5      | Killed Guenter's ghost
  3102 | D:5      | Reached skill level 5 in Unarmed Combat
  3102 | D:5      | Reached XP level 7. HP: 19/46 MP: 7/7
  3214 | D:5      | Noticed a steam dragon
  3224 | D:5      | Killed a steam dragon
  3225 | D:5      | Reached skill level 1 in Throwing
  3225 | D:5      | Reached skill level 6 in Unarmed Combat
  3324 | D:5      | Found an ancient bone altar of Kikubaaqudgha.
  3338 | D:5      | Reached XP level 8. HP: 18/54 MP: 8/8
  3525 | D:5      | Found a broken altar of Ashenzari.
  3675 | D:5      | Reached skill level 7 in Unarmed Combat
  3781 | D:5      | Found a staircase to the Ecumenical Temple.
  4455 | D:6      | Reached skill level 8 in Unarmed Combat
  4695 | D:6      | Found a basalt altar of Yredelemnul.
  4709 | D:6      | Reached XP level 9. HP: 55/59 MP: 9/9
  4819 | D:6      | Reached skill level 5 in Stealth
  4981 | D:6      | Reached * piety under Dithmenos
  5062 | D:7      | Found the +5 Storm Queen's Shield {shock, Fly rElec}
  5157 | D:7      | Identified the +1 short sword "Voquh" {flame, rCorr}
  5180 | D:7      | Reached skill level 5 in Fighting
  5180 | D:7      | Reached skill level 9 in Unarmed Combat
  5180 | D:7      | Noticed Maggie
  5194 | D:7      | Gained mutation: You are strong-willed. (Will+) [potion of
                  | mutation]
  5194 | D:7      | Gained mutation: You are highly strong-willed. (Will++)
                  | [potion of mutation]
  5201 | D:7      | Killed Maggie
  5210 | D:7      | Noticed Maurice
  5229 | D:7      | Killed Maurice
  5230 | D:7      | Reached skill level 5 in Dodging
  5230 | D:7      | Reached skill level 10 in Unarmed Combat
  5314 | D:7      | Noticed Duvessa
  5317 | D:7      | Noticed Dowan
  5326 | D:7      | Killed Duvessa
  5329 | D:7      | Killed Dowan
  5563 | D:7      | Reached XP level 10. HP: 66/66 MP: 10/10
  5597 | D:8      | Reached ** piety under Dithmenos
  5704 | D:7      | Reached skill level 5 in Shields
  5806 | D:8      | Reached skill level 11 in Unarmed Combat
  6105 | D:8      | Paralysed by a hornet for 1 turns
  6268 | D:8      | Found Bioginyng's Vocational Training.
  6398 | D:8      | Found an iron altar of Okawaru.
  6420 | D:8      | Identified the +9 dagger of Doom {heavy, rPois Int+3 Dex-3
                  | SInv}
  6557 | D:8      | Reached skill level 1 in Evocations
  6644 | D:8      | Slain by a wyvern

Illustrated notes

Levels and vault maps discovered:
D:1:      beargit_arrival_diablo_church, layout_loops_corners
D:2:      layout_loops_ring, dreamdust_ecumenical_altar_hidden_monk_grotto,
          hangedman_feature_mirror, uniq_crazy_yiuf_cottage
D:3:      layout_rooms, fedhas_altar_3, minmay_joined_circles
D:4:      layout_basic, grunt_dithmenos_smoke_and_mirrors
D:5:      layout_rooms, mainiacjoe_overflow_tiny_flanked,
          cheibrodos_ashenzari_chains, temple_green, ebering_ghost_sewer_d,
          corexii_leaking_fountain
D:6:      layout_loops_cross, nicolae_yredelemnul_corpse_copse
D:7:      layout_rooms, grunt_decor_cap, nicolae_fountain_basement,
          uniq_duvessa, uniq_maggie, uniq_maurice
D:8:      layout_basic, kennysheep_okawaru_gauntlet, erik_lair_dragon,
          dreamdust_wishing_well, nicolae_shop_vocational

Skill      XL: |  1  2  3  4  5  6  7  8  9 10 |
---------------+-------------------------------+-----
Stealth        | 1 2 3 4 5 |  5.8
Unarmed Combat | 3 4 5 6 8 10 11 | 11.4
Polearms       | 1 2 |  2.2
Dodging        | 4 5 |  5.4
Throwing       | 1 2 |  2.8
Shields        | 4 6 |  6.3
Fighting       | 4 5 6 |  6.2
Evocations     | 1 |  1.4
Shapeshifting  | |  0.7

Action                     |  1- 3 |  4- 6 |  7- 9 | 10-12 || total
---------------------------+-------+-------+-------+-------++-------
  Melee: Unarmed           |    36 |    87 |   156 |    88 ||   367
         Tentacles         |    10 |    16 |    39 |    24 ||    89
         Constrict         |     9 |    20 |    31 |    14 ||    74
         Punch             |       |     5 |    15 |    11 ||    31
  Throw: Boomerang         |       |    12 |    20 |     1 ||    33
    Use: Potion            |     1 |     1 |     5 |     2 ||     9
         Scroll            |       |    10 |     5 |     1 ||    16
   Stab: Sleeping          |     4 |     3 |     4 |     8 ||    19
         Distracted        |       |       |     1 |     1 ||     2
 Armour: Skin              |     7 |    20 |    66 |    37 ||   130
  Dodge: Dodged            |    22 |    47 |    68 |    36 ||   173
  Block: Buckler           |     5 |    18 |    25 |       ||    48
         Kite shield       |       |       |    21 |    73 ||    94

Table legend: (Time is in decaauts)
 A = Elapsed time spent in this place.
 B = Non-inter-level travel time spent in this place.
 C = Inter-level travel time spent in this place.
 D = Time resting spent in this place.
 E = Time spent auto-exploring this place.
 F = Levels seen in this place.
 G = Mean time per level.
                   A        B        C        D        E       F      G
               +--------+--------+--------+--------+--------+-----+--------+
         Total |   6612 |   6612 |      0 |    434 |   4039 |   8 |  826.5 |
       Dungeon |   6612 |   6612 |      0 |    434 |   4039 |   8 |  826.5 |
               +--------+--------+--------+--------+--------+-----+--------+

Top non-repeatable levels by time:
     D:6: 1208 daAuts
     D:4: 929 daAuts
     D:1: 870 daAuts
     D:8: 865 daAuts
     D:5: 845 daAuts
     D:7: 709 daAuts
     D:2: 624 daAuts
     D:3: 558 daAuts
